 Dungeon Crawl Stone Soup version 0.18.1-50-g88ac8fd (webtiles) character file.

443 sleepydude the Sneak (level 6, -3/41 HPs)
             Began as a Vampire Summoner on Oct 12, 2016.
             Killed by divine providence
             ... invoked by an orc priest
              (11 damage)
             ... on level 5 of the Dungeon.
             The game lasted 00:34:47 (6441 turns).

sleepydude the Sneak (Vampire Summoner)             Turns: 6441, Time: 00:34:47

Health: -3/41      AC:  3    Str:  7    XL:     6   Next: 71%
Magic:  15/20      EV: 14    Int: 22    God:
Gold:   180        SH:  0    Dex: 15    Spells: 3 memorised, 6 levels left

rFire  . . .     SeeInvis +     h - +1 dagger
rCold  . . .     Gourm    .     a - +0 robe
rNeg   + . .     Faith    .     (no shield)
rPois  .         Spirit   .     (no helmet)
rElec  .         Dismiss  .     n - +0 cloak
rCorr  .         Reflect  .     (no gloves)
SustAt .         Harm     .     (no boots)
MR     .....                    (no amulet)
Stlth  ++++......               p - ring of magical power
                                f - +3 ring of intelligence

@: not resistant to hostile enchantments, stealthy
A: fangs 3, see invisible, unbreathing
a: Bat Form


You were on level 5 of the Dungeon.
You were not thirsty.

You visited 1 branch of the dungeon, and saw 5 of its levels.

You collected 180 gold pieces.

Inventory:

Hand Weapons
 h - a +1 dagger (weapon)
Armour
 a - a +0 robe (worn)
 n - a +0 cloak (worn)
Jewellery
 f - a +3 ring of intelligence (left hand)
 p - a ring of magical power (right hand)
Wands
 m - a wand of random effects (21/48)
Scrolls
 l - a scroll of fear
 o - 2 scrolls of identify
Potions
 c - 5 potions of blood
 d - 3 potions of flight
 e - a potion of mutation {unknown}
 g - 2 potions of brilliance {unknown}
 i - 2 potions of degeneration {unknown}
 t - a potion of cancellation {unknown}
 u - 2 potions of heal wounds {unknown}
Books
 b - a book of Callings

   Spells                             Type                      Level
   a - Summon Small Mammal            Summoning                    1
   b - Call Imp                       Summoning                    2
   c - Call Canine Familiar           Summoning                    3
   d - Summon Guardian Golem          Hexes/Summoning              3
   e - Summon Lightning Spire         Summoning/Air                4
   f - Summon Ice Beast               Ice/Summoning                4
 j - a book of Air

   Spells                             Type                      Level
   a - Shock                          Conjuration/Air              1
   b - Swiftness                      Charms/Air                   2
   c - Repel Missiles                 Charms/Air                   2
   d - Static Discharge               Conjuration/Air              3
   e - Lightning Bolt                 Conjuration/Air              5


   Skills:
 + Level 4.0 Dodging
 + Level 6.2 Stealth
 + Level 3.6 Spellcasting
 + Level 5.5 Summonings


You had 6 spell levels left.
You knew the following spells:

 Your Spells              Type           Power        Failure   Level  Hunger
a - Summon Small Mammal   Summ           ####         1%          1    None
b - Call Imp              Summ           ####....     1%          2    #......
c - Call Canine Familiar  Summ           ####....     4%          3    ###....


Dungeon Overview and Level Annotations

Branches:
Dungeon (5/15)
 Temple: D:4-7

Altars:
Fedhas


Innate Abilities, Weirdness & Mutations

You have razor-sharp teeth.
You have supernaturally acute eyesight.
You can survive without breathing.


Message History

Your hound bites the phantom.
The phantom barely misses you.
Your quokka bites the orc.
Your hound barely misses the phantom.
Your white imp hits the orc.
Your white imp freezes the orc.
The orc dies!
The orc priest calls down the wrath of Beogh upon you.
Beogh smites you!
* * * LOW HITPOINT WARNING * * *
Your quokka bites the phantom but does no damage.
The phantom blinks!
Your white imp gestures at the phantom.
The puff of frost hits the phantom.
The phantom resists.
A giant gecko comes into view.
Your hound bites the phantom.
Your hound closely misses the phantom.
Your quokka closely misses the phantom.
Your hound bites the phantom.
Something hits your hound.
Your hound bites the phantom.
The orc priest invokes the aid of Beogh against you.
Beogh smites you!
You die...

...........##
##........##
............##
###..........##
....######...##
##.............# ...##
##...####.).)...####...#
..[# ##....#......<..#
##... ..§#
##.............## ##..
..5# ##..........%..##
##. #.5##
##.....####....## ##
##..## #.@...#
###...#### ##..##
#.W...# ##...#.. ##..##
##.....## ##..... ##..##
#hr.....## #..).. ##..##
###r5......## ##....
##..###.o..###....##
#...) ##†..o...##
###...## #.... #...l..##
##...## ##... #..l...#
##...###...)


You could see a phantom, an orc priest, a giant gecko, a friendly hound, a
friendly white imp and 2 friendly quokkas.

Vanquished Creatures
  A worker ant (D:4)
  An orc (D:3)
  A giant cockroach (D:3)
  2 bats
  4 giant newts
9 creatures vanquished.

Vanquished Creatures (collateral kills)
  An ice beast (D:5)
  A phantom (D:4)
  2 ogres
  A hound (D:4)
  Crazy Yiuf (D:2)
  2 orc priests (D:3)
  An orc wizard (D:4)
  2 worker ants (D:4)
  4 gnolls (D:5)
  5 adders
  An ooze (D:1)
  An adder skeleton (D:3)
  4 worms
  A dart slug (D:1)
  A giant gecko (D:1)
  9 orcs
  2 ball pythons (D:1)
  2 bats
  4 giant cockroaches
  15 goblins
  9 hobgoblins
  6 jackals
  7 kobolds
  4 quokkas
  3 giant newts
  A jackal skeleton (D:4)
  6 rats
96 creatures vanquished.

Vanquished Creatures (others)
  3 jackals (D:1)
3 creatures vanquished.

Grand Total: 108 creatures vanquished

Notes
Turn   | Place    | Note
--------------------------------------------------------------
     0 | D:1      | sleepydude the Vampire Summoner began the quest for the Orb.
     0 | D:1      | Reached XP level 1. HP: 13/13 MP: 3/3
   766 | D:1      | Reached XP level 2. HP: 18/19 MP: 0/5
   855 | D:1      | Learned a level 2 spell: Call Imp
  1166 | D:2      | Found a blossoming altar of Fedhas.
  1486 | D:2      | Reached XP level 3. HP: 24/24 MP: 1/6
  1650 | D:2      | Noticed Crazy Yiuf
  1759 | D:2      | HP: 1/24 [Crazy Yiuf/quarterstaff of chaos (6)]
  1824 | D:2      | Killed Crazy Yiuf
  2206 | D:3      | Reached skill level 4 in Stealth
  2302 | D:3      | HP: 1/24 [orc priest/divine providence (15)]
  2981 | D:2      | Learned a level 3 spell: Call Canine Familiar
  3017 | D:3      | Reached XP level 4. HP: 18/30 MP: 4/8
  3941 | D:3      | Found a faded altar to an unknown god.
  4189 | D:4      | Noticed an ogre
  4636 | D:4      | Reached XP level 5. HP: 27/35 MP: 8/9
  4743 | D:4      | Killed an ogre
  4743 | D:4      | Reached skill level 5 in Stealth
  4743 | D:4      | Reached skill level 5 in Summonings
  5768 | D:4      | Noticed a phantom
  5862 | D:4      | Killed a phantom
  5862 | D:4      | Reached XP level 6. HP: 41/41 MP: 7/11
  5902 | D:5      | Entered Level 5 of the Dungeon
  6371 | D:5      | Noticed an ice beast
  6386 | D:5      | Killed an ice beast
  6386 | D:5      | Reached skill level 6 in Stealth
  6441 | D:5      | Killed from afar by an orc priest

Skill      XL: |  1  2  3  4  5  6 |
---------------+-------------------+-----
Stealth        | 4 5 6 |  6.2
Dodging        | 3 4 |  4.0
Spellcasting   | 3 |  3.6
Summonings     | 5 |  5.5

Action                   |  1- 3 |  4- 6 || total
-------------------------+-------+-------++-------
Melee: Club              |    14 |       ||    14
       Bite              |     3 |     3 ||     6
       Dagger            |    13 |    29 ||    42
 Cast: Summon Small Mamm |    50 |    26 ||    76
       Call Imp          |    35 |    23 ||    58
       Call Canine Famil |     2 |    28 ||    30
  Use: Potion            |     3 |     5 ||     8
       Scroll            |       |    10 ||    10
 Stab: Sleeping          |       |     3 ||     3
  Eat: Corpse            |     5 |     7 ||    12
Armor: Robe              |     4 |    10 ||    14
Dodge: Dodged            |    51 |    56 ||   107
